 Dungeon Crawl Stone Soup version 0.29.1-15-g9cfb28693d (webtiles) character file.

Game seed: 9399982922664360600

1400 javelincjr the Magician (level 8, -2/55 HPs)
             Began as a Demonspawn Hedge Wizard on Apr 4, 2023.
             Was a Priest of Vehumet.
             Slain by an orc warrior
             ... wielding a +0 hand axe
              (10 damage)
             ... on level 7 of the Dungeon.
             The game lasted 00:37:12 (8451 turns).

javelincjr the Magician (Demonspawn Hedge Wizard)   Turns: 8451, Time: 00:37:13

Health: -2/55      AC:  5    Str: 14    XL:     8   Next: 41%
Magic:  1/15       EV: 13    Int: 15    God:    Vehumet [***...]
Gold:   262        SH:  0    Dex: 12    Spells: 7/16 levels left

rFire   . . .      SeeInvis .   w - +2 dagger (speed)
rCold   . . .      Faith    .   (no shield)
rNeg    . . .      Spirit   .   b - +0 robe
rPois   .          Reflect  .   c - +0 hat
rElec   .          Harm     .   (no cloak)
rCorr   .          Rampage  .   (no gloves)
Will    .....                   i - +0 pair of boots
Stlth   ++........              (no amulet)
HPRegen 0.18/turn               (no ring)
MPRegen 0.14/turn               (no ring)

@: hasted (expiring), very quick
A: antennae 1, icy blue scales 1, foul stench 2, claws 1
a: Renounce Religion


You were on level 7 of the Dungeon.
You worshipped Vehumet.
Vehumet was most pleased with you.
You visited 2 branches of the dungeon, and saw 8 of its levels.

You collected 262 gold pieces.

Inventory:

Hand Weapons
 a - a +0 dagger
 w - a +2 dagger of speed (weapon)
Armour
 b - a +0 robe (worn)
 c - a +0 hat (worn)
 i - a +0 pair of boots (worn)
 t - an orb of energy
Jewellery
 u - a +6 ring of dexterity
Wands
 s - a wand of flame (24)
Scrolls
 e - a scroll of noise {unknown}
 f - a scroll of blinking
 g - a scroll of silence {unknown}
 h - 3 scrolls of amnesia {unknown}
 j - 2 scrolls of magic mapping {unknown}
 n - 2 scrolls of enchant armour {unknown}
 q - 2 scrolls of teleportation {unknown}
 v - 4 scrolls of identify
 y - a scroll of poison {unknown}
Potions
 d - a potion of magic
 k - 2 potions of curing
 l - 2 potions of brilliance
 m - a potion of cancellation
 o - a potion of haste
 p - a potion of berserk rage {unknown}
 r - 5 potions of heal wounds {unknown}
 x - a potion of degeneration {unknown}


   Skills:
 * Level 1.6 Fighting
 + Level 1.0 Armour
 + Level 3.9 Dodging
 - Level 3.7 Stealth
 * Level 4.8 Spellcasting
 + Level 3.7 Conjurations
 - Level 1.8 Summonings
 + Level 3.3 Translocations
 + Level 0.9 Fire Magic
 + Level 2.8 Air Magic
 + Level 3.1 Poison Magic


You had 7 spell levels left.
You knew the following spells:

 Your Spells              Type           Power      Damage    Failure   Level
a - Magic Dart            Conj           56%        1d5       1%          1
b - Shock                 Conj/Air       52%        1d6       1%          1
c - Poisonous Vapours     Pois/Air       24%        N/A       2%          2
d - Foxfire               Conj/Fire      40%        2x1d6     1%          1
e - Scorch                Fire           12%        2d5       4%          2
f - Blink                 Tloc           26%        N/A       6%          2

Your spell library contained the following spells:

 Spells                   Type           Power      Damage    Failure   Level
 Mephitic Cloud           Conj/Pois/Air  13%        N/A       3%          3
 Conjure Flame            Conj/Fire      10%        6-21      5%          3
 Inner Flame              Hex/Fire       5%         N/A       11%         3
 Call Imp                 Summ           9%         N/A       12%         2
 Frozen Ramparts          Ice            6%         1d1       13%         3
 Slow                     Hex            12%        N/A       17%         1
 Flame Wave               Conj/Fire      10%        2d6       17%         4
 Sublimation of Blood     Necr           3%         N/A       26%         2
 Wereblood                Tmut           3%         N/A       26%         2
 Summon Ice Beast         Ice/Summ       6%         N/A       75%         4
 Ice Form                 Ice/Tmut       3%         N/A       86%         4
 Summon Hydra             Summ           4%         N/A       100%        7


Dungeon Overview and Level Annotations

Branches:
Dungeon (7/15)             Temple (1/1) D:4

Altars:
Ashenzari
Cheibriados
Dithmenos
Fedhas
Gozag
Hepliaklqana
Makhleb
Nemelex Xobeh
Okawaru
Qazlal
Ru
Sif Muna
Trog
Uskayaw
Vehumet
Wu Jian
Xom
Yredelemnul


Innate Abilities, Weirdness & Mutations

You have a pair of small antennae on your head.
You are partially covered in icy blue scales. (AC +2)
You sometimes emit foul miasma when damaged in melee.
You have sharp fingernails.


Message History

There are no items here.
You start resting.
You sense a monster nearby.
Casting: Blink (safe; 6% risk of failure)
Confirm with . or Enter, or press ? or * to list all spells.
You conjure some foxfire!
Your extra speed is starting to run out.
You barely miss the orc warrior.
The foxfire hits the orc warrior but does no damage.
You hit the orc warrior but do no damage.
The orc warrior unwields a +0 arbalest.
The orc warrior wields a +0 hand axe.
The orc warrior barely misses you.
Casting: Foxfire (safe; 1% risk of failure)
Confirm with . or Enter, or press ? or * to list all spells.
Aiming: Poisonous Vapours (safe; 2% risk of failure)
Press: ? - help, Dir - move target, f - orc warrior
Aim: an orc warrior, wielding a +0 hand axe and wearing a +0 chain mail (ally target) Poisonous vapours surround the orc warrior!
The orc warrior is poisoned.
Casting: Poisonous Vapours (safe; 2% risk of failure)
Confirm with . or Enter, or press ? or * to list all spells.
Aiming: Poisonous Vapours (safe; 2% risk of failure)
Press: ? - help, Dir - move target, f/p - orc warrior
Aim: an orc warrior, wielding a +0 hand axe and wearing a +0 chain mail (poisoned, ally target) Poisonous vapours surround the orc warrior!
The orc warrior looks even sicker.
The orc warrior misses you.
You hit the orc warrior.
The orc warrior is lightly wounded.
You barely miss the orc warrior.
The orc warrior is lightly wounded.
The orc warrior barely misses you.
Casting: Poisonous Vapours (safe; 2% risk of failure)
Confirm with . or Enter, or press ? or * to list all spells.
You don't have enough magic to cast this spell.
You hit the orc warrior.
The orc warrior is moderately wounded.
You hit the orc warrior but do no damage.
The orc warrior is moderately wounded.
The orc warrior hits you with a +0 hand axe!
You die...

.# . ##. #.. #
#.# .. #.# .#
#.# ..#
#.########...#
#@#..........#
#.o.###.####.#
###.# #.# #.#
#.# #.# #.#
#.# #.##
#.###..##...
#.#..........
#..<......###


You could see an orc warrior (very poisoned).

Vanquished Creatures
  Grinder (D:4)
  Sigmund (D:4)
  An ogre (D:6)
  A centaur (D:6)
  2 phantoms (D:5)
  A bullfrog (D:4)
  2 scorpions
  4 hounds
  An orc priest (D:4)
  2 jellies (D:5)
  An iguana (D:4)
  4 orc wizards
  10 adders
  2 shadow imps
  A white imp (D:5)
  2 ufetubi
  2 worms
  2 dart slugs
  17 orcs
  11 endoplasms
  4 giant cockroaches
  7 goblins
  4 hobgoblins
  3 jackals (D:4)
  2 quokkas (D:1)
  11 ball pythons
  4 bats
  8 frilled lizards
  5 kobolds
  6 rats
122 creatures vanquished.

Vanquished Creatures (collateral kills)
  2 foxfires (D:3)
2 creatures vanquished.

Vanquished Creatures (others)
  384 foxfires
  22 plants (D:3)
406 creatures vanquished.

Grand Total: 530 creatures vanquished

Notes
Turn   | Place    | Note
-------+----------+-------------------------------------------
     0 | D:1      | javelincjr the Demonspawn Hedge Wizard began the quest for
                  | the Orb.
     0 | D:1      | Reached XP level 1. HP: 13/13 MP: 4/4
   194 | D:1      | Reached skill level 1 in Translocations
   464 | D:1      | Gained mutation: You may rarely emit foul miasma when
                  | damaged in melee. [demonic ancestry]
   464 | D:1      | Reached XP level 2. HP: 19/19 MP: 3/6
   913 | D:1      | Found a faded altar of an unknown god.
   934 | D:1      | Prayed at the altar of an unknown god.
   934 | D:1      | Became a worshipper of Vehumet
   934 | D:1      | Reached * piety under Vehumet
   934 | D:1      | Offered knowledge of Shock by Vehumet.
  1137 | D:1      | Learned a level 1 spell: Shock
  1493 | D:2      | Gained mutation: You have a pair of small antennae on your
                  | head. [demonic ancestry]
  1493 | D:2      | Reached XP level 3. HP: 18/24 MP: 0/7
  2471 | D:2      | Reached XP level 4. HP: 30/30 MP: 2/9
  2532 | D:2      | Offered knowledge of Poisonous Vapours by Vehumet.
  2536 | D:2      | Learned a level 2 spell: Poisonous Vapours
  2614 | D:2      | Learned a level 1 spell: Foxfire
  2665 | D:3      | Reached ** piety under Vehumet
  2762 | D:3      | Found an opulent altar of Gozag.
  3507 | D:3      | Reached XP level 5. HP: 30/35 MP: 5/10
  3681 | D:3      | Reached skill level 1 in Poison Magic
  4397 | D:4      | Gained mutation: You have sharp fingernails. [potion of
                  | mutation]
  4421 | D:4      | Reached skill level 1 in Air Magic
  4550 | D:4      | Gained mutation: You are partially covered in icy blue
                  | scales. (AC +2) [demonic ancestry]
  4550 | D:4      | Reached XP level 6. HP: 41/41 MP: 6/11
  4956 | D:4      | Noticed Sigmund
  4965 | D:4      | Killed Sigmund
  4970 | D:4      | Found a staircase to the Ecumenical Temple.
  5004 | D:4      | Offered knowledge of Scorch by Vehumet.
  5008 | D:4      | Learned a level 2 spell: Scorch
  5011 | D:4      | Learned a level 2 spell: Blink
  5012 | Temple   | Entered the Ecumenical Temple
  5397 | D:4      | Reached skill level 4 in Spellcasting
  5397 | D:4      | Gained mutation: You sometimes emit foul miasma when
                  | damaged in melee. [demonic ancestry]
  5397 | D:4      | Reached XP level 7. HP: 13/46 MP: 4/13
  5938 | D:4      | Noticed Grinder
  5959 | D:4      | Killed Grinder
  6608 | D:5      | Entered Level 5 of the Dungeon
  6911 | D:5      | Reached *** piety under Vehumet
  7108 | D:5      | Reached XP level 8. HP: 53/53 MP: 5/14
  7659 | D:5      | Reached skill level 1 in Fighting
  8271 | D:6      | Found a broken altar of Ashenzari.
  8375 | D:6      | Reached skill level 1 in Armour
  8393 | D:6      | HP: 1/55 [lemure[Pikel] (4)]
  8451 | D:7      | Slain by an orc warrior

Illustrated notes

Levels and vault maps discovered:
D:1:      dpeg_arrival_stone_temple_mockup, layout_basic,
          chequers_ecumenical_altar_island
D:2:      layout_basic
D:3:      layout_loops_ring, lemuel_crystal_altar, serial_bayou_lake_a
D:4:      minmay_octagon_keep, layout_loops_corners, minmay_temple_entry_tees,
          minmay_fountain_box, uniq_grinder, uniq_sigmund
D:5:      layout_layer_cave, tso_oasis_becter
D:6:      layout_basic, ashenzari_conservatory_becter,
          nicolae_ossuary_entry_plus, uniq_pikel
D:7:      layout_loops_ring, serial_shops,
          nicolae_shop_competitors_out_of_business
Temple:   nicolae_temple_two_arcs

Skill      XL: |  1  2  3  4  5  6  7  8 |
---------------+-------------------------+-----
Translocations | 1 2 3 |  3.3
Dodging        | 2 3 |  3.9
Stealth        | 2 3 |  3.7
Conjurations   | 2 3 |  3.7
Poison Magic   | 1 2 3 |  3.1
Air Magic      | 1 2 |  2.8
Spellcasting   | 4 |  4.8
Fighting       | 1 |  1.6
Armour         | 1 |  1.0
Summonings     | |  1.8
Fire Magic     | |  0.9

Action                   |  1- 3 |  4- 6 |  7- 9 || total
-------------------------+-------+-------+-------++-------
Melee: Dagger            |    39 |    51 |    47 ||   137
       Punch             |       |     1 |       ||     1
 Cast: Magic Dart        |    44 |     1 |       ||    45
       Shock             |    51 |    19 |     3 ||    73
       Foxfire           |       |   101 |   116 ||   217
       Poisonous Vapours |       |     5 |     6 ||    11
       Scorch            |       |       |    18 ||    18
       Blink             |       |       |     1 ||     1
  Use: Potion            |       |     6 |     1 ||     7
       Scroll            |       |     3 |       ||     3
Armor: Robe              |    12 |    14 |    19 ||    45
       Skin              |       |    23 |       ||    23
Dodge: Dodged            |    42 |    46 |    64 ||   152
